 Dungeon Crawl Stone Soup version 0.19.0-9-gfd783f2 (webtiles) character file.

1803 Pihi the Slicer (level 9, 0/55 HPs)
             Began as a Halfling Fighter on Nov 7, 2016.
             Was an Initiate of Uskayaw.
             Slain by Grum
             ... wielding a -1 spear
              (10 damage)
             ... on level 8 of the Dungeon.
             The game lasted 00:33:01 (5507 turns).

Pihi the Slicer (Halfling Fighter)                  Turns: 5507, Time: 00:33:03

Health: 0/55       AC:  9    Str: 17    XL:     9   Next: 30%
Magic:  7/10       EV: 13    Int:  6    God:    Uskayaw [......]
Gold:   218        SH:  0    Dex: 17    Spells: 0 memorised, 10 levels left

rFire  . . .     SeeInvis .     a - +2 short sword (speed)
rCold  . . .     Gourm    .     q - +1 ring mail {rPois}
rNeg   . . .     Faith    .     (shield restricted)
rPois  +         Spirit   .     w - +0 helmet
rElec  .         Reflect  .     (no cloak)
rCorr  .         Harm     .     (no gloves)
MR     .....                    o - +0 pair of boots
Stlth  +.........               (no amulet)
                                (no ring)
                                (no ring)

@: no status effects
A: mutation resistance 1
a: Renounce Religion


You were on level 8 of the Dungeon.
You worshipped Uskayaw.
Uskayaw was noncommittal.
You were hungry.

You visited 1 branch of the dungeon, and saw 8 of its levels.

You collected 218 gold pieces.

Inventory:

Hand Weapons
 a - a +2 short sword of speed (weapon)
 p - a +0 hunting sling
Missiles
 h - 105 stones (quivered)
 j - 53 sling bullets
 F - 12 poisoned needles
Armour
 b - a +0 scale mail
 c - a +0 shield
 o - a +0 pair of boots (worn)
 q - a +1 ring mail of poison resistance (worn)
 v - a +2 ring mail of cold resistance
 w - a +0 helmet (worn)
Jewellery
 m - a +2 ring of evasion
Wands
 d - a wand of polymorph (16/24)
Scrolls
 e - a scroll of recharging
 t - a scroll of enchant weapon
 x - 2 scrolls of remove curse
 y - 4 scrolls of identify
Potions
 g - a potion of degeneration {unknown}
 k - 2 potions of agility
 s - 2 potions of flight {unknown}
 z - a potion of curing
 A - a potion of lignification {unknown}
 C - a potion of ambrosia {unknown}
 D - a potion of beneficial mutation {unknown}
 E - a potion of haste {unknown}
 G - a potion of brilliance {unknown}
Books
 n - a book of Conjurations

   Spells                             Type                      Level
   a - Magic Dart                     Conjuration                  1
   b - Searing Ray                    Conjuration                  2
   c - Dazzling Spray                 Conjuration/Hexes            3
   d - Fulminant Prism                Conjuration/Hexes            4
   e - Iskenderun's Mystic Blast      Conjuration                  4
   f - Iskenderun's Battlesphere      Conjuration/Charms           5
 r - a book of Air

   Spells                             Type                      Level
   a - Shock                          Conjuration/Air              1
   b - Swiftness                      Charms/Air                   2
   c - Repel Missiles                 Charms/Air                   2
   d - Static Discharge               Conjuration/Air              3
   e - Lightning Bolt                 Conjuration/Air              5
 B - a book of Callings

   Spells                             Type                      Level
   a - Summon Small Mammal            Summoning                    1
   b - Call Imp                       Summoning                    2
   c - Call Canine Familiar           Summoning                    3
   d - Summon Guardian Golem          Hexes/Summoning              3
   e - Summon Lightning Spire         Summoning/Air                4
   f - Summon Ice Beast               Ice/Summoning                4
Comestibles
 f - 7 bread rations
 l - a meat ration
 u - a beef jerky


   Skills:
 - Level 2.6 Fighting
 - Level 13.1 Short Blades
 + Level 3.4 Armour
 * Level 0.7 Dodging
 - Level 3.2 Shields
 - Level 1.0 Spellcasting


You had 10 spell levels left.
You didn't know any spells.

Dungeon Overview and Level Annotations

Branches:
Dungeon (8/15)             Temple (0/1) D:7
   Lair: D:8-11

Altars:
Fedhas
Kikubaaqudgha
Ru
Uskayaw
The Shining One

Shops:
D:8 *

Annotations:
D:3 Andry07's ghost, amateur MfSk
D:6 Sigmund
D:8 Grum


Innate Abilities, Weirdness & Mutations

You are small and have problems with some larger weapons.
You are somewhat resistant to further mutation.


Message History

The wolf is heavily wounded.
Grum hits you from afar with a spear! The wolf bites you but does no damage.
You miss the wolf.
The wolf is heavily wounded.
The wolf bites you!
* * * LOW HITPOINT WARNING * * *
The wolf barely misses you.
A wolf comes into view.
You feel better.
The wolf howls!
The wolf closely misses you. Grum hits you from afar with a spear!
* * * LOW HITPOINT WARNING * * *
You can no longer pass through a line of other dancers.
You stomp with the beat, sending a shockwave through the revelers around you!
The wolf is severely wounded.
You feel somewhat more hungry.
You can no longer stomp with the beat.
The wolf misses you. The wolf bites you but does no damage.
Grum hits you from afar with a spear!
You die...

##...## ### .h ####+###
# #g #......# # #.
#####.##.#.####### #.
#........#.##...## #h
#.###.#....#.....# #.
#.##..........∩...
#.####.##..#..........#
#hhhgh@..............##
######.#####.#########
#.......# #########


You could see Grum and 4 wolves.

Vanquished Creatures
  Duvessa (D:7)
  2 sky beasts (D:7)
  An ice beast (D:5)
  2 centaurs
  3 ogres
  2 bullfrogs
  Dowan (D:7)
  2 scorpions (D:5)
  3 crimson imps
  A centaur skeleton (D:4)
  4 orc priests
  An orc wizard (D:5)
  A bullfrog skeleton (D:3)
  A gnoll shaman (D:7)
  2 hounds (D:7)
  An iguana (D:7)
  5 worker ants
  5 gnolls (D:7)
  A howler monkey skeleton (D:4)
  12 adders
  A shadow imp (D:5)
  3 oozes
  A dart slug (D:4)
  3 leopard geckos
  17 orcs
  2 ball pythons
  6 bats
  4 giant cockroaches
  4 goblins
  A hobgoblin (D:2)
  6 jackals
  A kobold (D:2)
  2 frilled lizards
  A jackal skeleton (D:4)
  2 leopard gecko skeletons
  6 rats
111 creatures vanquished.

Notes
Turn   | Place    | Note
-------+----------+-------------------------------------------
     0 | D:1      | Pihi the Halfling Fighter began the quest for the Orb.
     0 | D:1      | Reached XP level 1. HP: 15/15 MP: 1/1
   305 | D:1      | Reached skill level 3 in Short Blades
   305 | D:1      | Reached XP level 2. HP: 20/20 MP: 2/2
   570 | D:2      | Found a faded altar of an unknown god.
   588 | D:2      | Reached XP level 3. HP: 20/25 MP: 2/4
   814 | D:2      | Reached skill level 1 in Spellcasting
   855 | D:2      | Found a sacrificial altar of Ru.
  1010 | D:3      | Noticed Andry07's ghost (amateur MfSk)
  1144 | D:3      | Reached skill level 4 in Short Blades
  1146 | D:3      | Reached XP level 4. HP: 28/30 MP: 5/5
  1217 | D:3      | Reached skill level 5 in Short Blades
  1373 | D:3      | Found a blossoming altar of Fedhas.
  1373 | D:3      | Found a hide-covered altar of Uskayaw.
  1407 | D:3      | Became a worshipper of Uskayaw the Reveler
  1419 | D:4      | Reached XP level 5. HP: 29/35 MP: 6/6
  1419 | D:4      | Reached * piety under Uskayaw
  1433 | D:4      | Reached ** piety under Uskayaw
  1646 | D:4      | Reached skill level 6 in Short Blades
  1928 | D:4      | Reached XP level 6. HP: 39/41 MP: 7/7
  2143 | D:4      | Reached skill level 7 in Short Blades
  2322 | D:5      | Entered Level 5 of the Dungeon
  2473 | D:5      | Reached *** piety under Uskayaw
  2631 | D:5      | Found an ancient bone altar of Kikubaaqudgha.
  2733 | D:5      | Noticed an ogre
  2788 | D:5      | Killed an ogre
  2788 | D:5      | Reached skill level 8 in Short Blades
  2788 | D:5      | Reached XP level 7. HP: 19/45 MP: 8/8
  2927 | D:5      | Reached **** piety under Uskayaw
  2989 | D:5      | Reached skill level 9 in Short Blades
  3599 | D:6      | Reached skill level 10 in Short Blades
  3599 | D:6      | Reached XP level 8. HP: 34/51 MP: 9/9
  3663 | D:6      | Noticed Sigmund
  3810 | D:7      | Found a staircase to the Ecumenical Temple.
  3903 | D:7      | Noticed Dowan
  3921 | D:7      | Killed Dowan
  3921 | D:7      | Reached skill level 11 in Short Blades
  3929 | D:7      | Noticed Duvessa
  3938 | D:7      | Killed Duvessa
  4143 | D:7      | Reached skill level 12 in Short Blades
  4143 | D:7      | Reached ***** piety under Uskayaw
  4147 | D:7      | Reached XP level 9. HP: 30/55 MP: 10/10
  5093 | D:7      | Noticed a hippogriff
  5143 | D:8      | Found a glowing golden altar of the Shining One.
  5349 | D:8      | Reached skill level 13 in Short Blades
  5450 | D:8      | Found Nnkuosh's Needful Niceties.
  5483 | D:8      | Noticed Grum
  5507 | D:8      | Slain by Grum

Skill      XL: |  1  2  3  4  5  6  7  8  9 |
---------------+----------------------------+-----
Short Blades   | 3 4 5 6 8 10 12 13 | 13.1
Spellcasting   | 1 |  1.0
Fighting       | |  2.6
Armour         | |  3.4
Dodging        | |  0.7
Shields        | |  3.2

Action                   |  1- 3 |  4- 6 |  7- 9 || total
-------------------------+-------+-------+-------++-------
Melee: Rapier            |    67 |   131 |   117 ||   315
       Short sword       |       |       |   193 ||   193
 Fire: Hunting sling     |     4 |    37 |    39 ||    80
Invok: Stomp             |       |     2 |     2 ||     4
  Use: Scroll            |     7 |     3 |     3 ||    13
       Potion            |       |       |     6 ||     6
 Stab: Paralysed         |       |     1 |     6 ||     7
  Eat: Chunk             |     1 |     5 |     7 ||    13
       Pizza             |       |       |     1 ||     1
Armor: Scale mail        |     7 |       |       ||     7
       Ring mail         |    25 |    57 |    71 ||   153
Dodge: Dodged            |    24 |    41 |    74 ||   139
Block: Shield            |    35 |    85 |    77 ||   197
